 Dungeon Crawl Stone Soup version 0.17.0-28-g6e173f8 (console) character file.

91 gw the Chopper (level 4, -8/37 HPs)
             Began as a Hill Orc Gladiator on Nov 22, 2015.
             Was an Initiate of Dithmenos.
             Mangled by a gnoll
             ... wielding a +0 halberd
              (10 damage)
             ... on level 3 of the Dungeon.
             The game lasted 00:02:11 (2509 turns).

gw the Chopper (Hill Orc Gladiator)                 Turns: 2509, Time: 00:02:11

Health: -8/37      AC:  9    Str: 17    XL:     4   Next: 57%
Magic:  4/4        EV: 11    Int:  6    God:    Dithmenos [......]
Gold:   117        SH:  0    Dex: 10    Spells: 0 memorised, 3 levels left

rFire  + + .     SeeInvis +     a - +0 war axe
rCold  . . .     Clarity  .     m - +2 ring mail {rF+}
rNeg   . . .     SustAt   .     (no shield)
rPois  .         Gourm    .     c - +0 helmet
rElec  .         Spirit   .     (no cloak)
rCorr  +         Warding  .     (no gloves)
rMut   .         Stasis   .     (no boots)
MR     .....                    b - amulet of resist corrosion
Stlth  +.........               r - ring of see invisible
                                l - +1 ring of protection

@: not resistant to hostile enchantments, very unstealthy
A: clumsy 1, dopey 1, fire resistance 1
a: Renounce Religion


You were on level 3 of the Dungeon.
You worshipped Dithmenos.
Dithmenos was noncommittal.
You were not hungry.

You visited 1 branch of the dungeon, and saw 3 of its levels.

You collected 117 gold pieces.

Inventory:

Hand Weapons
 a - a +0 war axe (weapon)
Missiles
 d - 3 throwing nets
 k - 147 stones (quivered)
 p - 16 poisoned needles
 s - 6 needles of frenzy
Armour
 c - a +0 helmet (worn)
 m - a +2 ring mail of fire resistance (worn)
Jewellery
 b - an amulet of resist corrosion (around neck)
 l - a +1 ring of protection (left hand)
 r - a ring of see invisible (right hand)
Scrolls
 h - 2 scrolls of remove curse
 i - a scroll of blinking {unknown}
 n - 2 scrolls of recharging
 t - 2 scrolls of fog
Potions
 g - a potion of agility {unknown}
 j - a potion of might
Comestibles
 e - 3 bread rations
 f - 3 meat rations


   Skills:
 + Level 2.9 Fighting
 * Level 5.8 Axes
 + Level 2.1 Throwing
 + Level 1.4 Armour
 - Level 2.4 Dodging
 * Level 0.3 Stealth
 + Level 0.0 Invocations


You had 3 spell levels left.
You didn't know any spells.

Dungeon Overview and Level Annotations

Branches:
Dungeon (3/15)

Altars:
Dithmenos


Innate Abilities, Weirdness & Mutations

You are clumsy. (Dex -2)
You are dopey. (Int -2)
Your flesh is heat resistant.


Message History

You barely miss the gnoll.
The gnoll is lightly wounded.
You slash the kobold!
You kill the kobold!
Dithmenos accepts your kill. The gnoll hits you but does no damage.
The gnoll hits you with a halberd. The gnoll closely misses you.
A jackal comes into view.
ATTACK MOVE TO (1,-1)
The jackal barks!
You hit the gnoll but do no damage.
The gnoll is lightly wounded.
The gnoll completely misses you. The gnoll barely misses you.
The gnoll hits you from afar with a halberd!
ATTACK MOVE TO (1,-1)
You barely miss the gnoll.
The gnoll is lightly wounded.
The gnoll hits you from afar with a spear!
The gnoll hits you with a halberd!
You die...

##ยค##.#####...........
#..#...# #..#.......
####...# #.... #...#
.#.. #...# h#### #...#
h<.. #...#


gg# #...########g.# #..........o..# ######7#7#7#7.# # You could see 3 gnolls and
2 jackals.

Table legend:
 A = Turns spent in this place as a percentage of turns spent in the entire game.
 B = Non-inter-level travel turns spent in this place as a percentage of non-inter-level travel turns spent in the entire game.
 C = Inter-level travel turns spent in this place as a percentage of turns spent in this place.
 D = Turns resting spent in this place as a percentage of non-inter-level travel turns spent in this place.
 E = Turns spent auto-exploring this place as a percentage of non-inter-level travel turns spent in this place.
 F = Non-inter-level travel turns spent in this place divided by the number of levels of this place that you've seen.
                   A       B       C       D       E      F
               +-------+-------+-------+-------+-------+----------------------
         Total | 100.0 | 100.0 |   0.3 |   0.6 |   2.4 | 1479.7
       Dungeon | 100.0 | 100.0 |   0.3 |   0.6 |   2.4 | 1479.7
               +-------+-------+-------+-------+-------+----------------------

Table legend:
 A = Kills in this place as a percentage of kills in entire the game.
 B = Kills by you in this place as a percentage of kills by you in the entire game.
 C = Kills by friends in this place as a percentage of kills by friends in the entire game.
 D = Other kills in this place as a percentage of other kills in the entire game.
 E = Experience gained in this place as a percentage of experience gained in the entire game.
 F = Experience gained in this place divided by the number of levels of this place that you have seen.
                   A       B       C       D       E      F
               +-------+-------+-------+-------+-------+----------------------
         Total | 100.0 | 100.0 |  -nan |  -nan | 100.0 |  43.3
       Dungeon | 100.0 | 100.0 |  -nan |  -nan | 100.0 |  43.3
               +-------+-------+-------+-------+-------+----------------------

Vanquished Creatures
  3 adders (D:2)
  A worm (D:3)
  An orc (D:3)
  7 giant cockroaches
  8 goblins
  8 hobgoblins
  5 kobolds
  4 bats
  3 giant geckos
  4 giant newts
  12 rats
56 creatures vanquished.

Notes
Turn   | Place    | Note
--------------------------------------------------------------
     0 | D:1      | gw the Hill Orc Gladiator began the quest for the Orb.
     0 | D:1      | Reached XP level 1. HP: 18/18 MP: 1/1
   205 | D:1      | Reached XP level 2. HP: 20/25 MP: 2/2
   889 | D:1      | Reached XP level 3. HP: 30/30 MP: 3/3
   907 | D:1      | Gained mutation: Your flesh is heat resistant. [potion of mutation]
   907 | D:1      | Gained mutation: You are clumsy. (Dex -2) [potion of mutation]
   907 | D:1      | Gained mutation: You are dopey. (Int -2) [potion of mutation]
   944 | D:2      | Reached skill level 5 in Axes
  1161 | D:2      | Reached skill level 1 in Armour
  1354 | D:2      | Reached XP level 4. HP: 37/37 MP: 4/4
  2161 | D:3      | Found a shadowy altar of Dithmenos.
  2165 | D:3      | Became a worshipper of Dithmenos the Shadowed
  2509 | D:3      | Mangled by a gnoll

Action                   |  1- 3 |  4- 6 || total
-------------------------+-------+-------++-------
Melee: War axe           |   103 |    64 ||   167
Throw: Stone             |    77 |    37 ||   114
  Use: Potion            |     4 |     1 ||     5
       Scroll            |     2 |     5 ||     7
  Eat: Chunk             |     2 |     3 ||     5

Vault maps used:
D:1:      mrwooster_arrival_arrow
D:2:      st_stairs_10, minmay_misc_feat_square
D:3:      grunt_dithmenos_smoke_and_mirrors, minmay_overflow_temple_star_quad,
          serial_forest, infiniplex_forest_lined_room_2,
          infiniplex_forest_lined_corner, infiniplex_forest_lined_room_,
          infiniplex_forest_clump_large, infiniplex_forest_lined_2,
          infiniplex_forest_clump_curved
